 Dungeon Crawl Stone Soup version 0.31-a0-1591-g515db51633 (webtiles) character file.

Game seed: 2703876629389206818

1281 pokeman the Thaumaturge (level 8, -2/39 HPs)
             Began as a Deep Elf Hedge Wizard on Jan 6, 2024.
             Was an Initiate of Vehumet.
             Succumbed to a water moccasin's poison
             ... on level 6 of the Dungeon.
             The game lasted 00:11:24 (6413 turns).

pokeman the Thaumaturge (Deep Elf Hedge Wizard)     Turns: 6413, Time: 00:11:25

Health: -2/39      AC:  3    Str:  7    XL:     8   Next: 29%
Magic:  20/23      EV: 13    Int: 22    God:    Vehumet [......]
Gold:   200        SH:  0    Dex: 14    Spells: 17/25 levels left

rFire   . . .        p - +1 flail (holy)
rCold   x . .        (no shield)
rNeg    + . .        b - +0 robe
rPois   .            c - +0 hat
rElec   .            (no cloak)
rCorr   .            r - +0 pair of gloves
SInv    .            (no boots)
Will    .....        n - amulet of magic regeneration
Stlth   ++           j - ring of positive energy
HPRegen 0.26/turn    (no ring)
MPRegen 0.58/turn

%: no passive effects
@: lethally poisoned (-2 -> -18), invisible
A: frail 1, teleportitis 1, cold vulnerability 1
a: Renounce Religion


You were on level 6 of the Dungeon.
You worshipped Vehumet.
Vehumet was noncommittal.
You visited 2 branches of the dungeon, and saw 7 of its levels.

You collected 200 gold pieces.

Inventory:

Hand Weapons
 p - a +1 flail of holy wrath (weapon)
Armour
 b - a +0 robe (worn)
 c - a +0 hat (worn)
 r - a +0 pair of gloves (worn)
Magical Staves
 m - a staff of earth
Jewellery
 j - a ring of positive energy (left hand)
 n - an amulet of magic regeneration (around neck)
 x - a ring of fire
Scrolls
 a - 2 scrolls of blinking {unknown}
 g - a scroll of poison {unknown}
 h - 3 scrolls of teleportation {unknown}
 i - a scroll of vulnerability {unknown}
 l - 3 scrolls of enchant weapon {unknown}
 o - 3 scrolls of identify {unknown}
 q - a scroll of immolation {unknown}
 v - a scroll of revelation {unknown}
Potions
 d - a potion of magic
 e - 3 potions of mutation
 f - a potion of invisibility
 k - a potion of curing {unknown}
 s - 2 potions of enlightenment {unknown}
 t - a potion of haste {unknown}
 u - a potion of ambrosia {unknown}
 w - a potion of degeneration {unknown}


   Skills:
 - Level 2.0 Fighting
 + Level 2.4 Armour
 - Level 3.0 Dodging
 - Level 3.0 Stealth
 * Level 9.3 Spellcasting
 + Level 4.8 Conjurations
 - Level 1.1 Summonings
 - Level 1.1 Translocations
 - Level 1.0 Air Magic
 + Level 3.9 Earth Magic
 - Level 1.2 Alchemy
 - Level 1.0 Evocations


You had 17 spell levels left.
You knew the following spells:

 Your Spells              Type           Power      Damage    Failure   Level
a - Magic Dart            Conj           100%       1d8       1%          1
b - Mephitic Cloud        Conj/Alch/Air  20%        N/A       8%          3
c - Call Imp              Summ           30%        N/A       6%          2
d - Blink                 Tloc           30%        N/A       6%          2

Your spell library contained the following spells:

 Spells                   Type           Power      Damage    Failure   Level
 Slow                     Hex            40%        N/A       6%          1
 Lesser Beckoning         Tloc           30%        N/A       6%          2
 Cigotuvi's Dreadful Rot  Necr/Alch/Air  26%        N/A       7%          2
 Gell's Gravitas          Tloc           15%        N/A       12%         3
 Teleport Other           Tloc           15%        N/A       12%         3


Dungeon Overview and Level Annotations

Branches:
Dungeon (6/15)             Temple (1/1) D:5

Altars:
Ashenzari
Cheibriados
Dithmenos
Elyvilon
Fedhas
Gozag
Hepliaklqana
Kikubaaqudgha
Makhleb
Nemelex Xobeh
Okawaru
Qazlal
Ru
Sif Muna
Trog
Uskayaw
Vehumet
Wu Jian
Xom
Yredelemnul
Zin
The Shining One

Shops:
D:4 :   D:5 (

Annotations:
D:1 1 runed translucent door


Innate Abilities, Weirdness & Mutations

You are frail. (-10% HP)
You are occasionally teleported next to monsters.
You are vulnerable to cold. (rC-)


Message History

Casting: Magic Dart (safe; 1% risk of failure)
Confirm with . or Enter, or press ? or * to list all spells.
You blink.
Unknown command.
Casting: Blink (safe; 6% risk of failure)
Confirm with . or Enter, or press ? or * to list all spells.
Aiming: Magic Dart (safe; 1% risk of failure)
Press: ? - help, Shift-Dir - straight line, f/p - water moccasin
Aim: a water moccasin (severely wounded, 100% to hit)
The magic dart hits the water moccasin but does no damage.
The water moccasin is severely wounded.
The water moccasin bites you.
You are poisoned.
The water moccasin poisons you!
Casting: Magic Dart (safe; 1% risk of failure)
Confirm with . or Enter, or press ? or * to list all spells.
Aiming: Magic Dart (safe; 1% risk of failure)
Press: ? - help, Shift-Dir - straight line, f/p - water moccasin
Aim: a water moccasin (severely wounded, 100% to hit)
The magic dart hits the water moccasin.
The water moccasin is severely wounded.
You feel very sick. The water moccasin bites you.
* * * LOW HITPOINT WARNING * * *
The iguana hisses menacingly.
You feel ready to blink again.
* * * LOW HITPOINT WARNING * * *
You feel very sick. The water moccasin bites you.
* * * LOW HITPOINT WARNING * * *
You are more poisoned.
The water moccasin poisons you!
It was a potion of mutation.
You feel extremely strange.
You feel weirdly uncertain.
You feel frail.
You feel vulnerable to cold.
* * * LOW HITPOINT WARNING * * *
You feel very sick. The water moccasin closely misses you.
It was a potion of invisibility.
You fade into invisibility!
You die...

# ... #
#.##.##.#
#.#.#...#.#.###
......._....)..#
.#.#.#...#.#.#.#
#.##.##.#
#...l...#
#.####S####.#
#.....@.....#.#
######.######.#
#.# #.# ######
#######.######.#
### ......
.............#.#
##.## ......
############.#.#
##...## .#
#.#.###.....# ##
#.>..........
###.###.....#


You could see a water moccasin (unable to see you) and an iguana (unable to see
you).

Vanquished Creatures
  Edmund (D:4)
  2 ogres (D:5)
  5 scorpions
  A jelly (D:6)
  3 hounds
  4 orc priests
  3 sleepcaps
  2 iguanas (D:5)
  9 gnolls
  8 adders
  2 white imps
  2 ribbon worms
  5 dart slugs
  8 orcs
  10 ball pythons
  7 bats
  6 endoplasms
  6 goblins
  6 hobgoblins
  6 jackals (D:2)
  3 quokkas
  5 frilled lizards
  10 kobolds
  6 rats
120 creatures vanquished.

Vanquished Creatures (collateral kills)
  A hound (D:6)
  Terence (D:2)
2 creatures vanquished.

Grand Total: 122 creatures vanquished

Notes
Turn   | Place    | Note
-------+----------+-------------------------------------------
     0 | D:1      | pokeman the Deep Elf Hedge Wizard began the quest for the
                  | Orb.
     0 | D:1      | Reached XP level 1. HP: 10/10 MP: 7/7
     1 | D:1      | Found a runed translucent door.
   197 | D:1      | Reached XP level 2. HP: 16/16 MP: 5/9
   585 | D:1      | Reached skill level 5 in Spellcasting
   893 | D:2      | Reached XP level 3. HP: 20/20 MP: 11/11
   899 | D:2      | Learned a level 3 spell: Mephitic Cloud
   902 | D:2      | Learned a level 2 spell: Call Imp
   905 | D:2      | Learned a level 2 spell: Blink
  1175 | D:2      | Reached skill level 1 in Fighting
  1430 | D:2      | Noticed Terence
  1457 | D:2      | Killed Terence
  1458 | D:2      | Reached skill level 1 in Armour
  1458 | D:2      | Reached XP level 4. HP: 15/25 MP: 5/13
  1994 | D:2      | Reached skill level 6 in Spellcasting
  2075 | D:2      | Reached XP level 5. HP: 29/29 MP: 10/15
  3367 | D:4      | Noticed Edmund
  3392 | D:4      | Killed Edmund
  3393 | D:4      | Reached skill level 1 in Air Magic
  3393 | D:4      | Reached skill level 1 in Earth Magic
  3393 | D:4      | Reached skill level 1 in Alchemy
  3393 | D:4      | Reached skill level 1 in Evocations
  3393 | D:4      | Reached XP level 6. HP: 10/34 MP: 15/17
  3577 | D:4      | Found Bulezink's Tremendous Tomes.
  4021 | D:4      | Reached skill level 7 in Spellcasting
  4495 | D:5      | Entered Level 5 of the Dungeon
  4619 | D:5      | Reached XP level 7. HP: 36/39 MP: 20/20
  4744 | D:5      | Found a staircase to the Ecumenical Temple.
  4772 | Temple   | Entered the Ecumenical Temple
  4787 | Temple   | Became a worshipper of Vehumet
  4915 | D:5      | Reached skill level 8 in Spellcasting
  5447 | D:5      | Found Tolett's Weapon Shop.
  5727 | D:6      | Reached XP level 8. HP: 44/44 MP: 18/22
  5777 | D:6      | Reached skill level 9 in Spellcasting
  6388 | D:6      | Found a sacrificial altar of Ru.
  6412 | D:6      | Gained mutation: You are occasionally teleported next to
                  | monsters. [potion of mutation]
  6412 | D:6      | Gained mutation: You are frail. (-10% HP) [potion of
                  | mutation]
  6412 | D:6      | Gained mutation: You are vulnerable to cold. (rC-) [potion
                  | of mutation]
  6413 | D:6      | Succumbed to a water moccasin's poison

Illustrated notes

Levels and vault maps discovered:
D:1:      dpeg_arrival_caged_fury, layout_rooms
D:2:      layout_loops_ring, nicolae_elevator_lobby_plus, uniq_terence
D:3:      layout_loops_corners
D:4:      layout_basic, nicolae_shop_i_like_big_books, saegor_snake_ambush,
          uniq_edmund
D:5:      layout_loops_corners, temple_fountains, serial_shops, shop
D:6:      layout_loops_ring, nicolae_ru_sacrificial_ziggurat, corexii_shack,
          minmay_quadrilaterals
Temple:   roderic_octagonal_lattice_temple

Skill      XL: |  1  2  3  4  5  6  7  8 |
---------------+-------------------------+-----
Spellcasting   | 5 6 7 8 9 |  9.3
Fighting       | 1 2 |  2.0
Armour         | 1 2 |  2.4
Conjurations   | 2 3 4 |  4.8
Dodging        | 3 |  3.0
Stealth        | 3 |  3.0
Air Magic      | 1 |  1.0
Earth Magic    | 1 2 3 |  3.9
Alchemy        | 1 |  1.2
Evocations     | 1 |  1.0
Summonings     | |  1.1
Translocations | |  1.1

Action                     |  1- 3 |  4- 6 |  7- 9 || total
---------------------------+-------+-------+-------++-------
  Melee: Dagger            |    33 |    40 |       ||    73
         Flail             |       |    13 |    53 ||    66
         Punch             |       |       |     4 ||     4
   Cast: Magic Dart        |    91 |   121 |    86 ||   298
         Mephitic Cloud    |     2 |    11 |     9 ||    22
         Call Imp          |     1 |     1 |     3 ||     5
         Blink             |       |     1 |     2 ||     3
    Use: Potion            |       |       |     2 ||     2
   Stab: Confused          |     3 |     6 |     7 ||    16
 Armour: Robe              |    26 |    20 |    43 ||    89
  Dodge: Dodged            |    32 |    35 |    54 ||   121

Table legend: (Time is in decaauts)
 A = Elapsed time spent in this place.
 B = Non-inter-level travel time spent in this place.
 C = Inter-level travel time spent in this place.
 D = Time resting spent in this place.
 E = Time spent auto-exploring this place.
 F = Levels seen in this place.
 G = Mean time per level.
                   A        B        C        D        E       F      G
               +--------+--------+--------+--------+--------+-----+--------+
         Total |   6461 |   6270 |    191 |     11 |   5347 |   7 |  923.0 |
       Dungeon |   6430 |   6267 |    163 |     11 |   5347 |   6 | 1071.7 |
        Temple |     30 |      2 |     28 |      0 |      0 |   1 |   30.0 |
               +--------+--------+--------+--------+--------+-----+--------+

Top non-repeatable levels by time:
     D:2: 1551 daAuts
     D:4: 1205 daAuts
     D:5: 958 daAuts
     D:6: 951 daAuts
     D:1: 885 daAuts
     D:3: 878 daAuts
  Temple: 30 daAuts
